| TOP OF THE 1ST |
|
Charleston RiverDogs batting - Pitching for Bowling Green Hot Rods : LHP Frank Rodriguez
|
|
Pitching: LHP Frank Rodriguez
|
|
|
Batting: LHB Justin O'Neal
|
0-0: Foul Ball, location: 2F 0-1: Ball 1-1: SOLO HOME RUN (Flyball, 9D, EV 94.4 MPH), Distance : 364 ft
|
|
Batting: RHB Iften Olujimi
|
0-0: Ground out 5-3 (Groundball, 56, EV 85.0 MPH)
|
|
Batting: RHB Bryan Westray
|
0-0: Ball 1-0: Called Strike 1-1: Called Strike 1-2: Foul Ball, location: 2F 1-2: Foul Ball, location: 2F 1-2: Ball 2-2: Foul Ball, location: 2F 2-2: Strikes out swinging
|
|
Batting: RHB Bill Nguyen-Tan
|
0-0: Swinging Strike 0-1: Foul Ball, location: 2F 0-2: Ball 1-2: SINGLE (Groundball, 56S, EV 97.5 MPH)
|
|
Batting: LHB Marc Durgin
|
0-0: Ball 1-0: Called Strike 1-1: Ball 2-1: Ground out U3 (Groundball, 3L, EV 85.6 MPH)
|
| Top of the 1st over - 1 run, 2 hits, 0 errors, 1 left on base; Charleston 1 - Bowling Green 0 |
| BOTTOM OF THE 1ST |
|
Bowling Green Hot Rods batting - Pitching for Charleston RiverDogs : LHP Ferrie Werkhoven
|
|
Pitching: LHP Ferrie Werkhoven
|
|
|
Batting: RHB Kunizo Yanagisawa
|
0-0: Ball 1-0: Ball 2-0: SINGLE (Groundball, 6S, EV 63.1 MPH) (infield hit)
|
|
Batting: RHB Chris Thorson
|
0-0: Ball 1-0: Ball 2-0: Foul Ball, location: 2F 2-1: Ball 3-1: Foul Ball, location: 2F 3-2: Foul Ball, location: 2F 3-2: Foul Ball, location: 2F 3-2: Base on Balls Kunizo Yanagisawa to second
|
|
Batting: RHB Azedine Kirui
|
0-0: Ball Wild Pitch! Kunizo Yanagisawa to third Chris Thorson to second 1-0: Called Strike 1-1: Ball 2-1: Called Strike 2-2: Strikes out swinging
|
|
Batting: RHB Sesto Carpini
|
0-0: Called Strike 0-1: Swinging Strike 0-2: Foul Ball, location: 2F 0-2: Foul Ball, location: 2F 0-2: Strikes out looking
|
|
Batting: RHB Dan Marks
|
0-0: Ball 1-0: Ball 2-0: DOUBLE (Line Drive, 9LM, EV 106.2 MPH) Kunizo Yanagisawa scores Chris Thorson scores
|
|
Batting: RHB Jose Arriola
|
0-0: Ball 1-0: Ball 2-0: Foul Ball, location: 2F 2-1: Ball 3-1: Base on Balls
|
|
Batting: LHB Harris Vink
|
0-0: Called Strike 0-1: Foul Ball, location: 2F 0-2: Strikes out looking
|
| Bottom of the 1st over - 2 runs, 2 hits, 0 errors, 2 left on base; Charleston 1 - Bowling Green 2 |
| TOP OF THE 2ND |
|
Charleston RiverDogs batting - Pitching for Bowling Green Hot Rods : LHP Frank Rodriguez
|
|
Batting: RHB Alfredo Rodriguez
|
0-0: Ball 1-0: Ball 2-0: Foul Ball, location: 2F 2-1: Foul Ball, location: 2F 2-2: Foul Ball, location: 2F 2-2: Strikes out swinging
|
|
Batting: LHB Sean Trueblood
|
0-0: Called Strike 0-1: Ball 1-1: Fly out, F5 (Popup, 56S, EV 84.4 MPH)
|
|
Batting: RHB Louwe Starmans
|
0-0: Called Strike 0-1: Ball 1-1: Foul Ball, location: 2F 1-2: Foul Ball, location: 2F 1-2: Ball 2-2: Ball 3-2: Strikes out swinging
|
| Top of the 2nd over - 0 runs, 0 hits, 0 errors, 0 left on base; Charleston 1 - Bowling Green 2 |
| BOTTOM OF THE 2ND |
|
Bowling Green Hot Rods batting - Pitching for Charleston RiverDogs : LHP Ferrie Werkhoven
|
|
Batting: RHB Eric Waugaman
|
0-0: Called Strike 0-1: Ball 1-1: Ground out 3-1 (Groundball, 34, EV 85.6 MPH)
|
|
Batting: LHB Jeremy Burton
|
0-0: Ball 1-0: Swinging Strike 1-1: Fly out, F8 (Flyball, 8LD, EV 105.0 MPH)
|
|
Batting: RHB Kunizo Yanagisawa
|
0-0: Ball 1-0: SINGLE (Groundball, 4D, EV 95.6 MPH)
|
|
Batting: RHB Chris Thorson
|
0-0: Foul Ball, location: 2F 0-1: Swinging Strike 0-2: Ball 1-2: Ball 2-2: 2-RUN HOME RUN (Flyball, 78XD, EV 100.0 MPH), Distance : 410 ft
|
|
Batting: RHB Azedine Kirui
|
0-0: Ball 1-0: Called Strike 1-1: Ball 2-1: Foul Ball, location: 2F 2-2: Ball 3-2: Strikes out swinging
|
| Bottom of the 2nd over - 2 runs, 2 hits, 0 errors, 0 left on base; Charleston 1 - Bowling Green 4 |
| TOP OF THE 3RD |
|
Charleston RiverDogs batting - Pitching for Bowling Green Hot Rods : LHP Frank Rodriguez
|
|
Batting: SHB Houston Phillips
|
0-0: Ball 1-0: Fly out, F7 (Flyball, 7, EV 88.1 MPH)
|
|
Batting: LHB Justin O'Neal
|
0-0: Foul Ball, location: 2F 0-1: Swinging Strike 0-2: Foul Ball, location: 2F 0-2: Strikes out swinging
|
|
Batting: RHB Iften Olujimi
|
0-0: Ball 1-0: Called Strike 1-1: Foul Ball, location: 2F 1-2: Strikes out swinging
|
| Top of the 3rd over - 0 runs, 0 hits, 0 errors, 0 left on base; Charleston 1 - Bowling Green 4 |
| BOTTOM OF THE 3RD |
|
Bowling Green Hot Rods batting - Pitching for Charleston RiverDogs : LHP Ferrie Werkhoven
|
|
Batting: RHB Sesto Carpini
|
0-0: Ball 1-0: Swinging Strike 1-1: Ball 2-1: Swinging Strike 2-2: Ball 3-2: Fly out, F9 (Flyball, 89S, EV 82.5 MPH)
|
|
Batting: RHB Dan Marks
|
0-0: Ball 1-0: Ball 2-0: Swinging Strike 2-1: Foul Ball, location: 2F 2-2: Strikes out swinging
|
|
Batting: RHB Jose Arriola
|
0-0: Fly out, F6 (Popup, 6MS, EV 73.1 MPH)
|
| Bottom of the 3rd over - 0 runs, 0 hits, 0 errors, 0 left on base; Charleston 1 - Bowling Green 4 |
| TOP OF THE 4TH |
|
Charleston RiverDogs batting - Pitching for Bowling Green Hot Rods : LHP Frank Rodriguez
|
|
Batting: RHB Bryan Westray
|
0-0: Ground out 5-3 (Groundball, 56, EV 93.1 MPH)
|
|
Batting: RHB Bill Nguyen-Tan
|
0-0: Ball 1-0: Fly out, F8 (Flyball, 8RXD, EV 93.8 MPH)
|
|
Batting: LHB Marc Durgin
|
0-0: Ball 1-0: Ground out 6-3 (Groundball, 6, EV 99.4 MPH)
|
| Top of the 4th over - 0 runs, 0 hits, 0 errors, 0 left on base; Charleston 1 - Bowling Green 4 |
| BOTTOM OF THE 4TH |
|
Bowling Green Hot Rods batting - Pitching for Charleston RiverDogs : LHP Ferrie Werkhoven
|
|
Batting: LHB Harris Vink
|
0-0: Ball 1-0: Ball 2-0: Ball 3-0: Called Strike 3-1: Foul Ball, location: 2F 3-2: Strikes out swinging
|
|
Batting: RHB Eric Waugaman
|
0-0: Ball 1-0: Ball 2-0: Ball 3-0: Base on Balls
|
|
Batting: LHB Jeremy Burton
|
0-0: Ball 1-0: Fly out, F8 (Line Drive, 78M, EV 103.1 MPH)
|
|
Batting: RHB Kunizo Yanagisawa
|
0-0: Ball 1-0: Ball 2-0: Ball 3-0: Called Strike 3-1: Foul Ball, location: 2F 3-2: Base on Balls Eric Waugaman to second
|
|
Batting: RHB Chris Thorson
|
0-0: Ball 1-0: Ball 2-0: Called Strike 2-1: Foul Ball, location: 2F 2-2: Foul Ball, location: 2F 2-2: Ground out 3-1 (Groundball, 34, EV 107.5 MPH)
|
| Bottom of the 4th over - 0 runs, 0 hits, 0 errors, 2 left on base; Charleston 1 - Bowling Green 4 |
| TOP OF THE 5TH |
|
Charleston RiverDogs batting - Pitching for Bowling Green Hot Rods : LHP Frank Rodriguez
|
|
Batting: RHB Alfredo Rodriguez
|
0-0: Foul Ball, location: 2F 0-1: Ball 1-1: Ball 2-1: Called Strike 2-2: Foul Ball, location: 2F 2-2: Strikes out swinging
|
|
Batting: LHB Sean Trueblood
|
0-0: Ground out 3-1 (Groundball, 34D, EV 108.1 MPH)
|
|
Batting: RHB Louwe Starmans
|
0-0: Called Strike 0-1: Foul Ball, location: 2F 0-2: Strikes out swinging
|
| Top of the 5th over - 0 runs, 0 hits, 0 errors, 0 left on base; Charleston 1 - Bowling Green 4 |
| BOTTOM OF THE 5TH |
|
Bowling Green Hot Rods batting - Pitching for Charleston RiverDogs : LHP Ferrie Werkhoven
|
|
Batting: RHB Azedine Kirui
|
0-0: Foul Ball, location: 2F 0-1: Swinging Strike 0-2: Ball 1-2: Ball 2-2: Strikes out swinging
|
|
Batting: RHB Sesto Carpini
|
0-0: Ball 1-0: Ball 2-0: Ball 3-0: Base on Balls
|
|
Pitching: LHP Alex Pulido
|
|
|
Batting: RHB Dan Marks
|
0-0: Foul Ball, location: 2F 0-1: Ball 1-1: Ball 2-1: Foul Ball, location: 2F 2-2: Ball 3-2: Base on Balls Sesto Carpini to second
|
|
Batting: RHB Jose Arriola
|
0-0: Foul Ball, location: 2F 0-1: Ball 1-1: Called Strike 1-2: Foul Ball, location: 2F 1-2: Ball 2-2: Ball 3-2: Base on Balls Sesto Carpini to third Dan Marks to second
|
|
Batting: LHB Harris Vink
|
0-0: Called Strike 0-1: Ball 1-1: Swinging Strike 1-2: Strikes out swinging
|
|
Batting: RHB Eric Waugaman
|
0-0: Foul Ball, location: 2F 0-1: Fly out, F7 (Flyball, 7LS, EV 91.2 MPH)
|
| Bottom of the 5th over - 0 runs, 0 hits, 0 errors, 3 left on base; Charleston 1 - Bowling Green 4 |
| TOP OF THE 6TH |
|
Charleston RiverDogs batting - Pitching for Bowling Green Hot Rods : LHP Frank Rodriguez
|
|
Batting: SHB Houston Phillips
|
0-0: Ball 1-0: Swinging Strike 1-1: Called Strike 1-2: Strikes out swinging
|
|
Batting: LHB Justin O'Neal
|
0-0: Ball 1-0: Ball 2-0: Ground out 6-3 (Groundball, 6, EV 83.1 MPH)
|
|
Batting: RHB Iften Olujimi
|
0-0: Called Strike 0-1: Swinging Strike 0-2: Ball 1-2: Strikes out swinging
|
| Top of the 6th over - 0 runs, 0 hits, 0 errors, 0 left on base; Charleston 1 - Bowling Green 4 |
| BOTTOM OF THE 6TH |
|
Bowling Green Hot Rods batting - Pitching for Charleston RiverDogs : LHP Alex Pulido
|
|
Batting: LHB Jeremy Burton
|
0-0: Swinging Strike 0-1: Ball 1-1: Ball 2-1: Swinging Strike 2-2: Strikes out swinging
|
|
Batting: RHB Kunizo Yanagisawa
|
0-0: Fly out, F9 (Flyball, 9LMF, EV 83.8 MPH)
|
|
Batting: RHB Chris Thorson
|
0-0: Called Strike 0-1: Ground out 6-3 (Groundball, 6, EV 83.8 MPH)
|
| Bottom of the 6th over - 0 runs, 0 hits, 0 errors, 0 left on base; Charleston 1 - Bowling Green 4 |
| TOP OF THE 7TH |
|
Charleston RiverDogs batting - Pitching for Bowling Green Hot Rods : LHP Frank Rodriguez
|
|
Batting: RHB Bryan Westray
|
0-0: Ground out 6-3 (Groundball, 6M, EV 97.5 MPH)
|
|
Batting: RHB Bill Nguyen-Tan
|
0-0: Swinging Strike 0-1: Ball 1-1: Swinging Strike 1-2: Strikes out swinging
|
|
Batting: LHB Marc Durgin
|
0-0: Foul Ball, location: 2F 0-1: Ball 1-1: Ball 2-1: Fly out, F9 (Flyball, 89D, EV 85.6 MPH)
|
| Top of the 7th over - 0 runs, 0 hits, 0 errors, 0 left on base; Charleston 1 - Bowling Green 4 |
| BOTTOM OF THE 7TH |
|
Bowling Green Hot Rods batting - Pitching for Charleston RiverDogs : LHP Alex Pulido
|
|
Pitching: RHP Austin Trzcinski
|
|
|
Batting: RHB Azedine Kirui
|
0-0: Ball 1-0: Foul Ball, location: 2F 1-1: Ball 2-1: Ball 3-1: SINGLE (Flyball, 3D, EV 98.1 MPH)
|
|
Batting: RHB Sesto Carpini
|
0-0: Called Strike 0-1: Fly out, F8 (Flyball, 8LD, EV 96.2 MPH)
|
|
Batting: RHB Dan Marks
|
0-0: Ball 1-0: Reached on error, E4 (Groundball, 4, EV 81.2 MPH) Azedine Kirui to second
|
|
Batting: RHB Jose Arriola
|
0-0: Ball 1-0: DOUBLE (Line Drive, 78D, EV 108.8 MPH) Azedine Kirui scores Dan Marks to third
|
|
Batting: LHB Harris Vink
|
0-0: Intentional Walk
|
|
Batting: RHB Eric Waugaman
|
0-0: Ball 1-0: Foul Ball, location: 2F 1-1: Swinging Strike 1-2: Ball 2-2: Ball 3-2: Foul Ball, location: 2F 3-2: Grounds into fielders choice 6-2 (Groundball, 6, EV 84.4 MPH) Jose Arriola to third Harris Vink to second
|
|
Batting: LHB Jeremy Burton
|
0-0: Fielders Choice at 2nd, U4 (Groundball, 4M, EV 83.8 MPH)
|
| Bottom of the 7th over - 1 run, 2 hits, 1 error, 3 left on base; Charleston 1 - Bowling Green 5 |
| TOP OF THE 8TH |
|
Charleston RiverDogs batting - Pitching for Bowling Green Hot Rods : LHP Frank Rodriguez
|
|
Batting: RHB Alfredo Rodriguez
|
0-0: Ground out 5-3 (Groundball, 25, EV 83.8 MPH)
|
|
Batting: LHB Sean Trueblood
|
0-0: Called Strike 0-1: Ball 1-1: Ball 2-1: Ball 3-1: Foul Ball, location: 2F 3-2: SINGLE (Groundball, 4MD, EV 103.1 MPH)
|
|
Batting: RHB Louwe Starmans
|
0-0: Ball 1-0: Ball 2-0: Ball 3-0: Called Strike 3-1: Foul Ball, location: 2F 3-2: Fly out, F6 (Line Drive, 6, EV 75.0 MPH)
|
|
Batting: SHB Houston Phillips
|
0-0: Ball 1-0: Ball 2-0: Ball 3-0: Called Strike 3-1: Called Strike 3-2: SINGLE (Flyball, 8RS, EV 93.1 MPH) Sean Trueblood to second Sean Trueblood to third
|
|
Batting: LHB Justin O'Neal
|
0-0: Ball 1-0: Called Strike 1-1: Swinging Strike 1-2: Strikes out swinging
|
| Top of the 8th over - 0 runs, 2 hits, 0 errors, 2 left on base; Charleston 1 - Bowling Green 5 |
| BOTTOM OF THE 8TH |
|
Bowling Green Hot Rods batting - Pitching for Charleston RiverDogs : RHP Austin Trzcinski
|
|
Batting: RHB Kunizo Yanagisawa
|
0-0: Ball 1-0: Ball 2-0: Ball 3-0: Called Strike 3-1: Base on Balls
|
|
Batting: RHB Chris Thorson
|
0-0: Bunted foul 0-1: Bunted foul 0-2: Ball 1-2: Foul Ball, location: 2F 1-2: Strikes out looking
|
|
Batting: RHB Azedine Kirui
|
0-0: Called Strike Kunizo Yanagisawa is caught stealing 2nd base 2-4 0-1: Ball 1-1: Ball 2-1: Foul Ball, location: 2F 2-2: Foul Ball, location: 2F 2-2: Ball 3-2: Base on Balls
|
|
Batting: RHB Sesto Carpini
|
0-0: Ball 1-0: SINGLE (Groundball, 6MD, EV 90.0 MPH) (infield hit) Azedine Kirui to second
|
|
Batting: RHB Dan Marks
|
0-0: Ball 1-0: Called Strike 1-1: Ball 2-1: Ball 3-1: SINGLE (Groundball, 56, EV 94.4 MPH) Azedine Kirui to third Sesto Carpini to second Runner from 3rd tries for Home, SAFE, throw by LF to home
|
|
Batting: RHB Jose Arriola
|
0-0: Ball 1-0: Called Strike 1-1: Called Strike 1-2: Fly out, F7 (Flyball, 78M, EV 78.8 MPH)
|
| Bottom of the 8th over - 1 run, 2 hits, 0 errors, 2 left on base; Charleston 1 - Bowling Green 6 |
| TOP OF THE 9TH |
|
Charleston RiverDogs batting - Pitching for Bowling Green Hot Rods : LHP Frank Rodriguez
|
|
Batting: RHB Iften Olujimi
|
0-0: Called Strike 0-1: Swinging Strike 0-2: Ground out 6-3 (Groundball, 6, EV 87.5 MPH)
|
|
Batting: RHB Bryan Westray
|
0-0: Fly out, F8 (Flyball, 89D, EV 101.9 MPH)
|
|
Batting: RHB Bill Nguyen-Tan
|
0-0: Called Strike 0-1: DOUBLE (Groundball, 5L, EV 110.0 MPH)
|
|
Pitching: RHP Pablo Maravilla
|
|
|
Batting: LHB Marc Durgin
|
0-0: Foul Ball, location: 2F 0-1: DOUBLE (Line Drive, 3D, EV 96.9 MPH) Bill Nguyen-Tan scores
|
|
Batting: RHB Alfredo Rodriguez
|
0-0: Ball 1-0: Foul Ball, location: 2F 1-1: Ground out 5-3 (Groundball, 56, EV 107.5 MPH)
|
| Top of the 9th over - 1 run, 2 hits, 0 errors, 1 left on base; Charleston 2 - Bowling Green 6 |
|